 Dungeon Crawl Stone Soup version 0.24.0-13-gcf9b319 (webtiles) character file.

Game seed: 8331490516874424396, levelgen mode: deterministic

25 Bronimir the Stinger (level 3, 0/28 HPs)
             Began as a Naga Venom Mage on Mar 29, 2020.
             Slain by Crazy Yiuf
             ... wielding a +2 quarterstaff of chaos
              (10 damage)
             ... on level 2 of the Dungeon.
             The game lasted 00:01:43 (935 turns).

Bronimir the Stinger (Naga Venom Mage)               Turns: 935, Time: 00:01:44

Health: 0/28       AC:  2    Str: 10    XL:     3   Next: 6%
Magic:  0/6        EV: 10    Int: 16    God:
Gold:   58         SH:  0    Dex: 11    Spells: 3/6 levels left

rFire    . . .     SeeInvis +   b - +2 hunting sling (flame)
rCold    . . .     Gourm    .   (no shield)
rNeg     . . .     Faith    .   f - +0 robe
rPois    +         Spirit   .   (no helmet)
rElec    .         Reflect  .   (no cloak)
rCorr    .         Harm     .   (no gloves)
MR       .....                  (no barding)
Stlth    ++........             (no amulet)
HPRegen  0.09/turn              (no ring)
MPRegen  0.10/turn              (no ring)

@: very slow
A: large, see invisible, deformed body, poison resistance, slowness 2, slow
metabolism 1, spit poison 1, AC +1
a: Spit Poison


You were on level 2 of the Dungeon.
You were not hungry.

You visited 1 branch of the dungeon, and saw 2 of its levels.

You collected 58 gold pieces.

Inventory:

Hand Weapons
 a - a +0 whip
 b - a +2 hunting sling of flaming (weapon)
Missiles
 e - 11 sling bullets (quivered)
 i - 40 stones
Armour
 f - a +0 robe (worn)
 h - a +0 ring mail
Jewellery
 l - a cursed ring of attention {unknown}
Potions
 d - a potion of mutation {unknown}
 g - a potion of invisibility {unknown}
 j - 2 potions of lignification {unknown}
 k - a potion of heal wounds {unknown}
Comestibles
 c - 2 rations


   Skills:
 + Level 0.2 Fighting
 * Level 0.1 Armour
 + Level 1.6 Dodging
 - Level 3.0 Stealth
 * Level 2.2 Spellcasting
 * Level 1.5 Conjurations
 * Level 4.7 Poison Magic


You had 3 spell levels left.
You knew the following spells:

 Your Spells              Type           Power        Failure   Level  Hunger
a - Sting                 Conj/Pois      ##..         5%          1    #......
b - Poisonous Vapours     Pois/Air       #.....       12%         2    ###....

Your spell library contained the following spells:

 Spells                   Type           Power        Failure   Level  Hunger
 Mephitic Cloud           Conj/Pois/Air  #.......     26%         3    ###....
 Olgreb's Toxic Radiance  Pois           ###.....     28%         4    #####..
 Venom Bolt               Conj/Pois      ##........   83%         5    ######.


Dungeon Overview and Level Annotations

Branches:
Dungeon (2/15)

Altars:

Annotations:
D:2 Crazy Yiuf


Innate Abilities, Weirdness & Mutations

You cannot wear boots.
Your serpentine skin is tough. (AC +1)
You have supernaturally acute eyesight. (SInv)
Armour fits poorly on your strangely shaped body.
Your system is resistant to poisons. (rPois)
You cover ground very slowly.
You have a slow metabolism.
You can spit poison.


Message History

The sting misses Crazy Yiuf.
Crazy Yiuf hits you with a +2 quarterstaff of chaos.
Casting: Sting (safe; 5% risk of failure)
Confirm with . or Enter, or press ? or * to list all spells.
Aiming: Sting (safe; 5% risk of failure)
Press: ? - help, Shift-Dir - straight line, f/p - Crazy Yiuf
Aim: Crazy Yiuf, wielding a +2 quarterstaff of chaos, wearing a +0 cloak and carrying a wand of flame (10) (moderately wounded, poisoned)
The sting hits Crazy Yiuf.
Crazy Yiuf looks even sicker.
Crazy Yiuf is moderately wounded.
Crazy Yiuf hits you with a +2 quarterstaff of chaos!
Casting: Sting (safe; 5% risk of failure)
Confirm with . or Enter, or press ? or * to list all spells.
Aiming: Sting (safe; 5% risk of failure)
Press: ? - help, Shift-Dir - straight line, f/p - Crazy Yiuf
Aim: Crazy Yiuf, wielding a +2 quarterstaff of chaos, wearing a +0 cloak and carrying a wand of flame (10) (moderately wounded, poisoned)
The sting hits Crazy Yiuf.
Crazy Yiuf is heavily wounded.
You have got your breath back.
Crazy Yiuf hits you with a +2 quarterstaff of chaos!
You die...

#.######
#......#
#......#
#####
###......#
#)..#
#........#
#...#
###......#
...
#......#
#g#
#......#
♣@♣♣
###......#
♣♣.♣
#.[......#
♣.♣♣
#.########
♣♣.♣ #.#
♣♣.♣♣ #.#
♣♣...♣ #.#
♣.PPP♣ #.#
##..## #.#
#....###.#


You could see Crazy Yiuf.

Vanquished Creatures
  2 dart slugs
  A leopard gecko (D:1)
  2 bats
  5 giant cockroaches (D:1)
  3 goblins
  2 hobgoblins (D:1)
  A ball python (D:2)
  A kobold (D:1)
  A rat (D:2)
18 creatures vanquished.

Notes
Turn   | Place    | Note
-------+----------+-------------------------------------------
     0 | D:1      | Bronimir the Naga Venom Mage began the quest for the Orb.
     0 | D:1      | Reached XP level 1. HP: 15/15 MP: 3/3
   238 | D:1      | Reached XP level 2. HP: 19/22 MP: 5/5
   693 | D:1      | Learned a level 2 spell: Poisonous Vapours
   760 | D:2      | Reached XP level 3. HP: 28/28 MP: 6/6
   845 | D:2      | Found a runed translucent door.
   846 | D:2      | Noticed Crazy Yiuf
   935 | D:2      | Slain by Crazy Yiuf

Levels and vault maps discovered:
D:1:      dpeg_arrival_prison, layout_loops_ring, minmay_misc_feat_square
D:2:      layout_rooms, minivault_4, uniq_crazy_yiuf_cottage, uniq_jessica

Action                   || total
-------------------------++-------
Melee: Unarmed           ||     1
 Fire: Hunting sling     ||    29
 Cast: Sting             ||     7
       Poisonous Vapours ||     1
 Abil: Spit Poison       ||     5
Armor: Robe              ||     2
Dodge: Dodged            ||    12
